 Dungeon Crawl Stone Soup version 0.25-a0-59-gf342c8b036 (webtiles) character file.

Game seed: 10167633693456224435, levelgen mode: deterministic

6598 Napalmbreeze the Cleaver (level 10, -1/77 HPs)
             Began as a Minotaur Chaos Knight on Oct 28, 2019.
             Was a Plaything of Xom.
             Slain by a killer bee (11 damage)
             ... on level 10 of the Dungeon.
             The game lasted 00:29:29 (11990 turns).

Napalmbreeze the Cleaver (Minotaur Chaos Knight)   Turns: 11990, Time: 00:29:30

Health: -1/77      AC:  5    Str: 21    XL:     10   Next: 71%
Magic:  9/10       EV: 12    Int:  7    God:    Xom [*.....]
Gold:   701        SH:  0    Dex:  7    Spells: 9/9 levels left

rFire    . . .     SeeInvis +   B - +2 battleaxe (curse)
rCold    + . .     Gourm    +   (shield currently unavailable)
rNeg     . . .     Faith    .   F - +1 ring mail {MR+}
rPois    .         Spirit   .   (helmet restricted)
rElec    .         Reflect  .   H - +0 cloak
rCorr    .         Harm     .   (no gloves)
MR       ++...                  (no boots)
Stlth    ..........             I - amulet of the gourmand
HPRegen  0.22/turn              v - ring of see invisible
MPRegen  0.12/turn              t - ring of protection from magic

@: lethally poisoned (-1 -> -10), lightly drained
A: retaliatory headbutt, horns 2, clumsy 1, cold resistance 1, deformed body,
dopey 1, frail 2
a: Renounce Religion


You were on level 10 of the Dungeon.
You worshipped Xom.
You were a special plaything of Xom.
You were completely stuffed.

You visited 1 branch of the dungeon, and saw 10 of its levels.
You also visited: Sewer.

You collected 701 gold pieces.

Inventory:

Hand Weapons
 a - a +1 hand axe of chaos
 n - a +0 broad axe
 B - a cursed +2 battleaxe (weapon)
 J - a +2 whip of flaming
 M - a +2 scimitar of freezing
Armour
 F - a +1 ring mail of magic resistance (worn)
 H - a +0 cloak (worn)
Jewellery
 g - an uncursed ring of flight
 l - an uncursed ring of poison resistance
 t - a ring of protection from magic (right hand)
 v - a ring of see invisible (left hand)
 I - an amulet of the gourmand (around neck)
Wands
 O - a wand of polymorph (7)
Scrolls
 b - 5 scrolls of magic mapping
 d - 6 scrolls of enchant weapon
 i - 6 scrolls of fear
 k - 5 scrolls of remove curse
 m - 4 scrolls of enchant armour
 p - 2 scrolls of immolation
 s - 3 scrolls of teleportation
 u - a scroll of fog
 y - 2 scrolls of amnesia
 K - a scroll of silence
Potions
 e - 5 potions of agility
 f - 2 potions of resistance
 h - 3 potions of magic
 j - 2 potions of invisibility
 o - a potion of haste {unknown}
 q - 6 potions of curing
 r - a potion of cancellation {unknown}
 w - a potion of degeneration {unknown}
 x - 4 potions of might
 z - 5 potions of heal wounds
 A - a potion of ambrosia {unknown}
 C - 3 potions of flight
 D - 2 potions of brilliance
 E - a potion of lignification {unknown}
 G - 2 potions of berserk rage
 L - a potion of mutation {unknown}
Comestibles
 c - 12 rations


   Skills:
 - Level 12.0(11.6) Fighting
 - Level 14.0(13.6) Axes
 - Level 5.1(4.8) Armour
 - Level 4.0(3.6) Dodging
 + Level 1.4(1.1) Evocations


You had 9 spell levels left.
You didn't know any spells.
Your spell library contained the following spells:

 Spells                   Type           Power        Failure   Level  Hunger
 Shock                    Conj/Air       #...         58%         1    ##.....
 Swiftness                Chrm/Air       #.......     73%         2    ###....
 Static Discharge         Conj/Air       #.......     91%         3    ####...
 Airstrike                Air            #.........   100%        4    #####..
 Lightning Bolt           Conj/Air       #.........   100%        5    ######.


Dungeon Overview and Level Annotations

Branches:
Dungeon (10/15)            Temple (0/1) D:6            Lair (0/6) D:10
  Sewer (visited)
    Orc: D:9-12

Altars:
Qazlal
Sif Muna
Xom

Shops:
D:4 [

Annotations:
D:9 1 runed translucent door, ORC ENTRANCE, 1 exclusion, anet's ghost, novice DEWz


Innate Abilities, Weirdness & Mutations

You reflexively headbutt those who attack you in melee.
You have a pair of horns on your head.
You are clumsy. (Dex -2)
Your flesh is cold resistant. (rC+)
Armour fits poorly on your strangely shaped body.
You are dopey. (Int -2)
You are very frail. (-20% HP)


Message History

You feel better. The killer bee stings you! The killer bee barely misses you.
The killer bee closely misses you.
You hear an angry buzzing noise.
The queen bee calls on the killer bee to defend it!
The killer bee goes berserk!
The killer bee stings you.
* * * LOW HITPOINT WARNING * * *
The killer bee closely misses you. You furiously retaliate!
You headbutt the killer bee!
You hear an angry buzzing noise.
The killer bee closely misses you. The killer bee misses you.
You hear an angry buzzing noise.
The killer bee stings you.
* * * LOW HITPOINT WARNING * * *
You are poisoned.
The killer bee poisons you! The killer bee stings you!
* * * LOW HITPOINT WARNING * * *
You are more poisoned.
The killer bee poisons you! The killer bee stings you!
You die...
Xom is highly amused! ################# .......y@().....# #######y#######(# #yy

#.# ###y #.# yy
#.# . %.
##.########.
####......#....
##.###.#.#..
#.# #.#.#..


You could see 3 killer bees.

Vanquished Creatures
  2 hippogriffs
  A spriggan (D:9)
  A redback (shapeshifter) (D:9)
  A steam dragon (D:9)
  A basilisk (D:10)
  3 porcupines (D:10)
  5 orc warriors
  A necrophage (D:9)
  5 black bears
  3 sky beasts
  2 eyes of draining
  A phantom (D:5)
  2 wolves (D:10)
  A tengu (D:8)
  An ogre (D:8)
  2 crocodiles (D:10)
  A centaur (D:9)
  2 big kobolds
  7 bullfrogs
  9 scorpions
  5 killer bees
  6 wights
  4 howler monkeys (D:7)
  2 crimson imps
  3 jellies
  4 hounds
  2 orc priests
  5 orc wizards
  4 bullfrog skeletons
  4 iguanas
  5 worker ants
  2 killer bee zombies
  A hound skeleton (D:7)
  2 worker ant zombies (D:6)
  17 adders
  5 gnolls (D:7)
  8 river rats
  2 shadow imps
  5 oozes
  2 adder zombies
  6 worms
  2 dart slugs
  5 leopard geckos
  36 orcs
  8 ball pythons
  3 giant cockroaches
  4 goblins
  6 hobgoblins
  9 jackals
  7 quokkas
  8 bats
  3 frilled lizards
  26 kobolds
  2 leopard gecko skeletons
  A leopard gecko zombie (D:8)
  3 quokka skeletons
  22 rats
290 creatures vanquished.

Vanquished Creatures (collateral kills)
  A water moccasin (D:7)
  An orc warrior (D:6)
  A boggart (D:6)
  An orc priest (D:9)
  2 orcs (D:6)
6 creatures vanquished.

Vanquished Creatures (others)
  3 killer bees (D:9)
  A bat (D:4)
  A fungus (D:10)
5 creatures vanquished.

Grand Total: 301 creatures vanquished

Notes
Turn   | Place    | Note
-------+----------+-------------------------------------------
     0 | D:1      | Napalmbreeze the Minotaur Chaos Knight began the quest for
                  | the Orb.
     0 | D:1      | Reached XP level 1. HP: 19/19 MP: 0/0
    61 | D:1      | XOM: divination: magic mapping
   168 | D:1      | Reached XP level 2. HP: 27/27 MP: 1/1
   270 | D:1      | Reached skill level 4 in Axes
   632 | D:2      | XOM: divination: magic mapping
  1013 | D:2      | Reached XP level 3. HP: 32/33 MP: 2/2
  1528 | D:2      | XOM: god gift: shiny diamond ring {god gift}
  1893 | D:2      | XOM: god gift: twisted smoking staff {god gift}
  2024 | D:2      | XOM: god gift: scroll labeled GAPHUI ITECEKH {god gift}
  2056 | D:3      | Reached XP level 4. HP: 34/40 MP: 3/3
  2198 | D:3      | XOM: 5-stop teleportation journey
  2380 | D:3      | Reached skill level 5 in Axes
  2388 | D:3      | Found a faded altar of an unknown god.
  2390 | D:3      | XOM: enchant monster (good)
  2715 | D:4      | XOM: summons 2 hostile shadow creatures
  2837 | D:4      | Found a glowing drain.
  2839 | D:4      | Reached XP level 5. HP: 47/47 MP: 4/4
  2849 | Sewer    | Entered a sewer
  3109 | Sewer    | XOM: confusion
  3230 | Sewer    | XOM: smoke on damage
  3231 | Sewer    | Reached XP level 6. HP: 40/55 MP: 5/5
  3386 | Sewer    | Reached skill level 5 in Fighting
  3406 | Sewer    | Reached skill level 6 in Axes
  3944 | D:4      | Found Poywofawk's Armour Boutique.
  4032 | D:4      | XOM: enchant monster (good)
  4084 | D:4      | XOM: god gift: ration
  4086 | D:4      | XOM: medium Fire miscast
  4127 | D:4      | XOM: give mutations
  4127 | D:4      | Gained mutation: You are clumsy. (Dex -2) [Xom's mischief]
  4127 | D:4      | Gained mutation: You are frail. (-10% HP) [Xom's mischief]
  4127 | D:4      | Lost mutation: You are frail. (-10% HP) [Xom's mischief]
  4127 | D:4      | Gained mutation: Scrolls take you a little longer to read.
                  | [Xom's mischief]
  4171 | D:5      | Entered Level 5 of the Dungeon
  4296 | D:5      | Found a stormy altar of Qazlal.
  4322 | D:5      | Reached skill level 7 in Axes
  4322 | D:5      | Reached XP level 7. HP: 44/61 MP: 6/6
  4339 | D:5      | XOM: smoke on damage
  4636 | D:5      | XOM: divination: detect items
  4654 | D:5      | Reached skill level 5 in Armour
  4660 | D:5      | XOM: divination: detect creatures
  4859 | D:5      | Got a distressingly furry leather armour
  4870 | D:5      | Identified the cursed +0 leather armour "Jeajixoi" {-Cast
                  | +Fly Stlth+} (You found it on level 5 of the Dungeon)
  4901 | D:5      | XOM: potion effect (might)
  4984 | D:5      | XOM: medium Fire miscast
  4993 | D:5      | Noticed a hippogriff
  4993 | D:5      | XOM: confuse monster(s)
  5003 | D:5      | Killed a hippogriff
  5003 | D:5      | Reached skill level 8 in Axes
  5166 | D:5      | XOM: noise
  5455 | D:6      | Reached XP level 8. HP: 70/70 MP: 7/7
  5463 | D:6      | XOM: polymorph bullfrog -> scorpion
  5489 | D:6      | Found a staircase to the Ecumenical Temple.
  5649 | D:6      | You fall into a shaft and drop 3 floors!
  5721 | D:9      | XOM: give mutations
  5721 | D:9      | Lost mutation: Scrolls take you a little longer to read.
                  | [Xom's mischief]
  5721 | D:9      | Gained mutation: Your flesh is cold resistant. (rC+) [Xom's
                  | mischief]
  5810 | D:9      | XOM: 5-stop teleportation journey
  5865 | D:9      | XOM: god gift: 43 gold pieces
  6190 | D:8      | Noticed a hippogriff
  6201 | D:8      | Killed a hippogriff
  6223 | D:8      | XOM: 2-stop teleportation journey
  6300 | D:8      | XOM: summons friendly crimson imp
  6310 | D:8      | Reached skill level 10 in Fighting
  6386 | D:7      | XOM: summons 2 friendly demons
  6389 | D:7      | Reached XP level 9. HP: 79/86 MP: 8/8
  6701 | D:7      | XOM: enchant monster (bad)
  6776 | D:6      | XOM: give mutations
  6776 | D:6      | Gained mutation: You are frail. (-10% HP) [Xom's mischief]
  6776 | D:6      | Gained mutation: You are dopey. (Int -2) [Xom's mischief]
  6837 | D:6      | XOM: cloud trail
  6988 | D:7      | XOM: 3-stop teleportation journey
  7039 | D:7      | Noticed a two-headed ogre
  7279 | D:6      | XOM: silly message
  7466 | D:6      | Found a shimmering blue altar of Sif Muna.
  7589 | D:6      | XOM: god gift: scroll labeled QAIBBY POTO {god gift}
  7912 | D:6      | XOM: harmless Ice miscast
  8036 | D:7      | XOM: polymorph gnoll shaman -> killer bee
  8123 | D:7      | Reached skill level 9 in Axes
  8326 | D:7      | XOM: cloud trail
  8343 | D:7      | XOM: god gift: potion of curing
  8386 | D:7      | Reached skill level 10 in Axes
  8818 | D:8      | XOM: god gift: cyan potion {god gift}
  8867 | D:8      | Reached skill level 11 in Axes
  9014 | D:8      | XOM: noise
  9115 | D:9      | Noticed a glowing shapeshifter
  9115 | D:9      | an orc priest changed into a glowing shapeshifter
  9115 | D:9      | Noticed a glowing orange brain
  9115 | D:9      | a glowing shapeshifter changed into a glowing orange brain
  9117 | D:9      | Noticed a faun
  9117 | D:9      | a glowing orange brain changed into a faun
  9119 | D:9      | a faun changed into a redback
  9122 | D:9      | XOM: summons friendly shadow imp
  9126 | D:9      | Reached XP level 10. HP: 64/87 MP: 9/9
  9246 | D:9      | Found a runed translucent door.
  9247 | D:9      | Found a shimmering altar of Xom.
  9247 | D:9      | Noticed anet's ghost (novice DEWz)
  9247 | D:9      | Noticed a +2 dire flail of chaos
  9278 | D:9      | XOM: enchant monster (good)
  9498 | D:9      | XOM: summons friendly shadow imp
  9662 | D:9      | XOM: divine lightning
  9951 | D:9      | XOM: cleaving
  9966 | D:9      | Reached skill level 12 in Axes
 10458 | D:9      | XOM: god gift: glowing scimitar {god gift}
 10763 | D:9      | XOM: cloud trail
 11066 | D:10     | Entered Level 10 of the Dungeon
 11152 | D:10     | XOM: cloud trail
 11264 | D:10     | XOM: fog
 11265 | D:10     | Reached skill level 13 in Axes
 11334 | D:10     | XOM: noise
 11430 | D:10     | XOM: give mutations
 11430 | D:10     | Gained mutation: Armour fits poorly on your strangely
                  | shaped body. [Xom's mischief]
 11430 | D:10     | Gained mutation: You are very frail. (-20% HP) [Xom's
                  | mischief]
 11432 | D:10     | XOM: medium Summ miscast
 11638 | D:10     | XOM: confusion
 11641 | D:10     | Found a staircase to the Lair.
 11684 | D:10     | Reached skill level 14 in Axes
 11971 | D:10     | Reached skill level 1 in Evocations
 11990 | D:10     | Slain by a killer bee

Levels and vault maps discovered:
D:1:      ncdulo_lavacross, layout_loops_ring, nrook_loot_triangle
D:2:      layout_basic, dk_noncrumbling_4, minmay_randomly_rotated_circles
D:3:      layout_basic, chequers_ecumenical_altar_lobes
D:4:      layout_basic, cheibrodos_sewer_entry_sluice, serial_shops,
          nicolae_shop_trees, nrook_mini_backslash
D:5:      layout_basic, first_ration, dk_noncrumbling_2, grunt_qazlal_sundering
D:6:      layout_loops_ring, lemuel_coloured_pillars_altar,
          minmay_temple_entry_waves, serial_park_tiny_pond, lightli_minifort
D:7:      layout_basic, minmay_alternating_orb
D:8:      layout_basic
D:9:      layout_layer_cave, erik_orc_2, ebering_ghost_xom, grunt_pizzeria
D:10:     layout_basic, minmay_lair_entry_grove, special_room
          [special_room_bee], ebering_ghost_funeral_grove, uniq_maurice

Skill      XL: |  1  2  3  4  5  6  7  8  9 10 |
---------------+-------------------------------+-----
Axes           | 4 5 7 8 11 14 | 14.0
Fighting       | 4 5 6 10 12 | 12.0
Armour         | 3 4 5 |  5.1
Dodging        | 2 3 4 |  4.0
Evocations     | 1 |  1.4

Action                   |  1- 3 |  4- 6 |  7- 9 | 10-12 || total
-------------------------+-------+-------+-------+-------++-------
Melee: Hand axe          |    94 |   182 |   374 |   224 ||   874
       Headbutt          |     6 |    31 |    65 |    36 ||   138
       Battleaxe         |       |       |       |    29 ||    29
  Use: Scroll            |       |     8 |    10 |     2 ||    20
       Potion            |       |       |     1 |     1 ||     2
 Stab: Confused          |       |     1 |       |       ||     1
       Paralysed         |       |     3 |     2 |     3 ||     8
       Petrifying        |       |       |     2 |     1 ||     3
       Petrified         |       |       |       |     2 ||     2
  Eat: Chunk             |     3 |     7 |    27 |     9 ||    46
       Ration            |       |       |     2 |       ||     2
Armor: Leather armour    |     1 |       |       |       ||     1
       Ring mail         |    37 |    53 |   100 |    65 ||   255
Dodge: Dodged            |    63 |   110 |   174 |   126 ||   473

Table legend:
 A = Non-vault XP
 B = Vault XP
 C = Vault XP percentage of total XP
 D = Non-vault monster count
 E = Vault monster count
 F = Vault count percentage of total count
                 A         B        C        D         E       F
            +---------+---------+-------+---------+---------+-------
      Total |    6398 |    3029 |  32.1 |     206 |      92 |  30.9
            +---------+---------+-------+---------+---------+-------
        D:1 |      21 |       0 |   0.0 |      13 |       0 |   0.0
        D:2 |      52 |      20 |  27.8 |      15 |       6 |  28.6
        D:3 |      72 |       0 |   0.0 |      22 |       0 |   0.0
        D:4 |     185 |      22 |  10.6 |      19 |       4 |  17.4
        D:5 |     771 |       0 |   0.0 |      19 |       0 |   0.0
        D:6 |     427 |     132 |  23.6 |      18 |       5 |  21.7
        D:7 |    1468 |     213 |  12.7 |      32 |      10 |  23.8
        D:8 |    1406 |       0 |   0.0 |      24 |       0 |   0.0
        D:9 |    1339 |     800 |  37.4 |      24 |       6 |  20.0
       D:10 |     657 |    1582 |  70.7 |      20 |      13 |  39.4
      Sewer |       0 |     260 | 100.0 |       0 |      48 | 100.0
            +---------+---------+-------+---------+---------+-------
